 Dungeon Crawl Stone Soup version 0.27.1-33-g824d729ab1 (webtiles) character file.

Game seed: 16060689381472646184

56 MisterFreud the Ducker (level 3, 0/17 HPs)
             Began as a Felid Berserker on Dec 1, 2021.
             Was a Believer of Trog.
             Constricted to death by a ball python (1 damage)
             ... on level 3 of the Dungeon.
             The game lasted 00:02:46 (1843 turns).

MisterFreud the Ducker (Felid Berserker)            Turns: 1843, Time: 00:02:47

Health: 0/17       AC:  1    Str: 13    XL:     3   Next: 69%
Magic:  4/4        EV: 15    Int:  8    God:    Trog [**....]
Gold:   29         SH:  0    Dex: 16    Spells: 2/2 levels left
                                        Lives:  0   Deaths: 0

rFire    . . .     SeeInvis +     - Unarmed
rCold    . . .     Faith    .   (shield unavailable)
rNeg     . . .     Spirit   .   (armour unavailable)
rPois    .         Reflect  .   (helmet unavailable)
rElec    .         Harm     .   (cloak unavailable)
rCorr    .         Rampage  .   (gloves unavailable)
Will     .....                  (boots unavailable)
Stlth    ++........             (no amulet)
HPRegen  0.05/turn              (no ring)
MPRegen  0.09/turn              (no ring)

@: constricted, quick
A: very small, claws 1, fangs 3, see invisible, speed 1, shaggy fur 1, stealthy
paws, no weapons or thrown items, no armour, multi-lived
a: Renounce Religion, Berserk, Trog's Hand


You were on level 3 of the Dungeon.
You worshipped Trog.
Trog was pleased with you.
You visited 1 branch of the dungeon, and saw 3 of its levels.

You collected 135 gold pieces.
You spent 106 gold pieces at shops.

Inventory:

Scrolls
 a - 2 scrolls of teleportation {unknown}
 b - a scroll of blinking {unknown}
 h - a scroll of identify {unknown}
Potions
 c - 2 potions of berserk rage {unknown}
 d - 2 potions of heal wounds
 e - a potion of flight {unknown}
 f - a potion of lignification {unknown}
 g - 2 potions of ambrosia {unknown}


   Skills:
 - Level 3.0 Fighting
 - Level 4.0 Dodging
 + Level 3.4 Stealth
 + Level 3.9 Unarmed Combat


You had 2 spell levels left.
You didn't know any spells.
Your spell library was empty.

Dungeon Overview and Level Annotations

Branches:
Dungeon (3/15)

Altars:

Shops:
D:2 !(*


Innate Abilities, Weirdness & Mutations

You have sharp claws.
You have razor-sharp teeth.
You have supernaturally acute eyesight. (SInv)
You cover ground quickly. (Speed+)
You are covered in fur. (AC +1)
Your paws help you pounce on unaware monsters.
You are incapable of wielding weapons or throwing items.
You cannot wear armour.
You gain extra lives every three experience levels.


Message History

You feel a strong urge to attack something.
You feel your anger nearly subside.
You are no longer berserk.
You are exhausted.
You feel yourself slow down.
You start resting.
A ball python comes into view.
A ball python is nearby!
A ball python is nearby!
You start resting.
You feel yourself speed up.
You start resting.
A ball python is nearby!
A ball python is nearby!
The ball python hisses angrily.
You barely miss the ball python. Your bite misses the ball python.
You recover from your berserk rage.
The ball python misses you. The ball python completely misses you.
You barely miss the ball python. The ball python completely misses you.
The ball python grabs you. The ball python constricts you.
You are too injured to fight recklessly!
You are too injured to fight recklessly!
You are too injured to fight recklessly!
You are too injured to fight recklessly!
You scratch the ball python.
The ball python is moderately wounded.
The ball python bites you. The ball python constricts you.
You closely miss the ball python.
The ball python is moderately wounded.
The ball python bites you.
* * * LOW HITPOINT WARNING * * *
The ball python constricts you.
You closely miss the ball python.
The ball python is moderately wounded.
The ball python barely misses you. The ball python constricts you.
You barely miss the ball python.
The ball python is moderately wounded.
The ball python bites you.
* * * LOW HITPOINT WARNING * * *
The ball python constricts you.
You die...

#.........## ##.#
#..#######.###.## #..#
##†#.## #..# #..##
#..# #.## #..# #.#
#..# ######.#######
##### #...
#............###...##
#.#.....@S...##.....##
#.####.##..#.......###
#. #.##............. .
#.............# .#
####.###.....## #. #.#
##)..## # #.# ##.##
#.# ..# #.# ...#


You could see a ball python.

Vanquished Creatures
  2 adders
  2 dart slugs (D:1)
  4 ball pythons
  6 bats
  3 endoplasms (D:1)
  2 giant cockroaches (D:1)
  2 goblins (D:1)
  3 hobgoblins
  A jackal (D:1)
  A kobold (D:3)
  A quokka (D:1)
  3 frilled lizards
  5 rats
35 creatures vanquished.

Notes
Turn   | Place    | Note
-------+----------+-------------------------------------------
     0 | D:1      | MisterFreud the Felid Berserker began the quest for the
                  | Orb.
     0 | D:1      | Reached XP level 1. HP: 10/10 MP: 2/2
    28 | D:1      | Reached skill level 1 in Stealth
   220 | D:1      | Reached XP level 2. HP: 11/14 MP: 3/3
   416 | D:1      | Found a faded altar of an unknown god.
   668 | D:1      | Reached ** piety under Trog
   886 | D:2      | Found Agho's Antique Weapon Emporium.
   889 | D:2      | Reached XP level 3. HP: 17/17 MP: 4/4
   913 | D:2      | Found Ahefryst's Assorted Antiques.
   923 | D:2      | Bought a scroll labelled IBAHEH JERIK for 27 gold pieces
   923 | D:2      | Bought a bubbling white potion for 24 gold pieces
  1450 | D:2      | Found Dynuk's Distillery.
  1460 | D:2      | Bought a potion of heal wounds for 55 gold pieces
  1843 | D:3      | Constricted to death by a ball python

Illustrated notes

Levels and vault maps discovered:
D:1:      dpeg_arrival_rooms_with_view, layout_basic,
          chequers_ecumenical_altar_grove, minmay_hexomino_u4
D:2:      layout_basic, serial_shops, shop, shop, nicolae_lakefront_shop,
          serial_co_window_serial, co_window_paths_a, co_window_paths_a,
          co_window_paths_a, co_window_paths_b, co_window_paths_a,
          co_window_paths_a, co_window_of_opportunity_a, co_window_corner_ca,
          co_window_of_opportunity_b, co_window_corner_b, co_window_cross_3,
          co_window_4corner_a, co_window_paths_e, glass_columns_c
D:3:      layout_loops_ring, uniq_jessica

Skill      XL: |  1  2  3 |
---------------+----------+-----
Stealth        | 1 2 3 |  3.4
Fighting       | |  3.0
Dodging        | |  4.0
Unarmed Combat | |  3.9

Action                   || total
-------------------------++-------
Melee: Unarmed           ||    75
       Bite              ||     6
       Punch             ||     1
Invok: Berserk           ||     1
  Use: Scroll            ||     1
 Stab: Sleeping          ||     9
Armor: Skin              ||    10
Dodge: Dodged            ||    56
